 Dungeon Crawl Stone Soup version 0.29.1-15-g9cfb28693d (webtiles) character file.

Game seed: 5671538589529049840

52 Eitelfritz the Slasher (level 3, 0/31 HPs)
             Began as a Minotaur Gladiator on Apr 8, 2023.
             Slain by Blork the orc
             ... wielding a +0 glaive
              (7 damage)
             ... on level 4 of the Dungeon.
             The game lasted 00:02:56 (1653 turns).

Eitelfritz the Slasher (Minotaur Gladiator)         Turns: 1653, Time: 00:02:57

Health: 0/31       AC: 12    Str: 20    XL:     3   Next: 60%
Magic:  2/2        EV:  8    Int:  7    God:
Gold:   89         SH:  0    Dex: 11    Spells: 2/2 levels left

rFire   . . .      SeeInvis .   a - +0 long sword
rCold   . . .      Faith    .   (no shield)
rNeg    . . .      Spirit   .   o - +4 chain mail "Cuikko Pezxu" {Str+2}
rPois   .          Reflect  .   c - +0 hat
rElec   .          Harm     .   (no cloak)
rCorr   .          Rampage  .   (no gloves)
Will    .....                   (no boots)
Stlth   ..........              (no amulet)
HPRegen 0.10/turn               (no ring)
MPRegen 0.08/turn               (no ring)

@: no status effects
A: horns 2, retaliatory headbutt
a: no special abilities


You were on level 4 of the Dungeon.
You visited 1 branch of the dungeon, and saw 3 of its levels.

You collected 89 gold pieces.

Inventory:

Hand Weapons
 a - a +0 long sword (weapon)
Missiles
 d - 3 throwing nets (quivered)
 e - a javelin
 g - 5 boomerangs
 m - 4 atropa-tipped darts
Armour
 c - a +0 hat (worn)
 o - the +4 chain mail "Cuikko Pezxu" (worn) {Str+2}
   (You found it on level 2 of the Dungeon)

   Str:       It affects your strength (+2).
Jewellery
 h - a ring of fire
Scrolls
 f - 3 scrolls of fog {unknown}
 j - 3 scrolls of teleportation {unknown}
 l - 2 scrolls of vulnerability {unknown}
 n - a scroll of identify {unknown}
 p - 2 scrolls of noise {unknown}
 r - a scroll of blinking {unknown}
Potions
 b - a potion of curing
 i - a potion of heal wounds {unknown}
 k - 2 potions of attraction {unknown}
 q - a potion of invisibility {unknown}


   Skills:
 + Level 3.0 Fighting
 + Level 4.4 Long Blades
 + Level 2.3 Throwing
 + Level 0.6 Armour
 + Level 3.9 Dodging


You had 2 spell levels left.
You didn't know any spells.
Your spell library contained the following spells:

 Spells                   Type           Power      Damage    Failure   Level
 Sublimation of Blood     Necr           0%         N/A       100%        2
 Petrify                  Tmut/Erth      0%         N/A       100%        4
 Irradiate                Conj/Tmut      0%         3d11      100%        5


Dungeon Overview and Level Annotations

Branches:
Dungeon (2/15)

Altars:

Annotations:
D:4 Blork the orc


Innate Abilities, Weirdness & Mutations

You have a pair of horns on your head.
You reflexively headbutt those who attack you in melee.


Message History

Blork the orc hits you from afar with a +0 glaive.
Blork the orc barely misses you. The goblin barely misses you.
You barely miss the goblin. You headbutt the goblin.
You kill the goblin!
You feel very sick.
Blork the orc hits you from afar with a +0 glaive.
Blork the orc hits you but does no damage.
Unknown command.
It was a potion of curing.
You feel better. Blork the orc closely misses you. The orc barely misses you.
You slash the orc!
You kill the orc!
Blork the orc hits you from afar with a +0 glaive!
Blork the orc closely misses you.
Your Fighting skill increases to level 3!
You slash the goblin!
You kill the goblin!
Blork the orc hits you from afar with a +0 glaive!
* * * LOW HITPOINT WARNING * * *
Blork the orc barely misses you.
Unknown command.
You feel better.
You hear the slow hiss of a distant avalanche of sand.
The hobgoblin hits you but does no damage.
Blork the orc hits you but does no damage.
You hit the hobgoblin. You headbutt the hobgoblin.
You kill the hobgoblin!
Blork the orc hits you but does no damage.
Blork the orc hits you from afar with a +0 glaive.
* * * LOW HITPOINT WARNING * * *
Blork the orc hits you with a +0 glaive.
* * * LOW HITPOINT WARNING * * *
Items here: ))))) ††††.
You hit Blork the orc. Your headbutt misses Blork the orc.
Blork the orc is lightly wounded.
Blork the orc barely misses you. x2
You barely miss Blork the orc. Your headbutt misses Blork the orc.
Blork the orc is lightly wounded.
Blork the orc hits you with a +0 glaive!
You die...

...###
#...#####
#......#
#...#
#...#
#..##
#..# #).#
##@.#
#.o##
#..# #..#
#..# #.##
##<# #..#
#..#


You could see Blork the orc (fast).

Vanquished Creatures
  A dart slug (D:1)
  An orc (D:4)
  A bat (D:1)
  4 endoplasms
  2 giant cockroaches
  7 goblins
  7 hobgoblins
  5 jackals
  A quokka (D:2)
  A ball python (D:1)
  4 frilled lizards
  4 kobolds (D:2)
  4 rats
42 creatures vanquished.

Notes
Turn   | Place    | Note
-------+----------+-------------------------------------------
     0 | D:1      | Eitelfritz the Minotaur Gladiator began the quest for the
                  | Orb.
     0 | D:1      | Reached XP level 1. HP: 18/18 MP: 0/0
   230 | D:1      | Reached XP level 2. HP: 8/25 MP: 1/1
   650 | D:1      | Reached skill level 4 in Long Blades
   911 | D:2      | Identified the +4 chain mail "Cuikko Pezxu" {Str+2}
  1071 | D:2      | Reached XP level 3. HP: 27/30 MP: 2/2
  1347 | D:2      | Found a faded altar of an unknown god.
  1601 | D:2      | You fall into a shaft and drop 2 floors!
  1623 | D:4      | Noticed Blork the orc
  1653 | D:4      | Slain by Blork the orc

Illustrated notes

Levels and vault maps discovered:
D:1:      eino_arrival_tree_alley, layout_rooms, serial_bayou_lagoon_b
D:2:      layout_basic, shapermc_ecumenical_altar_starsandcircs,
          kennysheep_generic_room_12
D:4:      layout_cave_pods, enter_ossuary_2, uniq_robin, uniq_blork_the_orc,
          uniq_pargi

Skill      XL: |  1  2  3 |
---------------+----------+-----
Long Blades    | 4 |  4.4
Fighting       | 3 |  3.0
Throwing       | |  2.3
Armour         | |  0.6
Dodging        | |  3.9

Action                   || total
-------------------------++-------
Melee: Long sword        ||    68
       Headbutt          ||    11
  Use: Potion            ||     2
Armor: Ring mail         ||    23
       Leather armour    ||     1
       Chain mail        ||    29
Dodge: Dodged            ||    52
